 Dungeon Crawl Stone Soup version 0.30-a0-782-ge64f9170bb (webtiles) character file.

Game seed: 14576262555892836372

112 Dirtsage the Chopper (level 4, -7/35 HPs)
             Began as a Demonspawn Fighter on Mar 15, 2023.
             Killed from afar by Natasha (9 damage)
             ... with a magic dart
             ... on level 2 of the Dungeon.
             The game lasted 00:02:58 (1314 turns).

Dirtsage the Chopper (Demonspawn Fighter)           Turns: 1314, Time: 00:02:59

Health: -7/35      AC:  0    Str: 19    XL:     4   Next: 64%
Magic:  4/4        EV: 17    Int:  9    God:
Gold:   35         SH:  0    Dex: 17    Spells: 3/3 levels left

rFire   . . .      SeeInvis .    (weapon currently unavailable)
rCold   . . .      Faith    .    (shield currently unavailable)
rNeg    . . .      Spirit   .    (body armour currently unavailable)
rPois   .          Reflect  .    (helmet currently unavailable)
rElec   .          Harm     .    (cloak currently unavailable)
rCorr   .          Rampage  .    (gloves currently unavailable)
Will    .....                    (boots currently unavailable)
Stlth   ++                       (no amulet)
HPRegen 0.25/turn                (ring currently unavailable)
MPRegen 0.09/turn                (ring currently unavailable)

@: bat-form (expiring), flying, hasted, very quick
A: fast, flying, no casting, tiny, ignite blood 1, powered by death 1
a: no special abilities


You were on level 2 of the Dungeon.
You were a bat.
You visited 1 branch of the dungeon, and saw 2 of its levels.

You collected 35 gold pieces.

Inventory:

Hand Weapons
 a - a +0 war axe (melded)
Armour
 b - a +0 scale mail (melded)
 c - a +0 buckler (melded)
 k - a +0 pair of gloves (melded)
Scrolls
 f - a scroll of poison {unknown}
Potions
 d - a potion of might
 e - a potion of invisibility {unknown}
 g - a potion of lignification {unknown}
 h - a potion of haste
 i - a potion of heal wounds {unknown}
 j - a potion of berserk rage {unknown}


   Skills:
 - Level 3.0 Fighting
 + Level 4.5 Axes
 - Level 2.6 Armour
 - Level 2.6 Shields


You had 3 spell levels left.
You didn't know any spells.
Your spell library contained the following spells:

 Spells                   Type           Power      Damage    Failure   Level
 Magic Dart               Conj           0%         1d3       38%         1
 Searing Ray              Conj           0%         2d4       52%         2
 Cause Fear               Hex            0%         N/A       99%         4
 Fulminant Prism          Conj/Hex       0%         3d5       99%         4
 Dragon Form              Tmut           0%         N/A       100%        7
 Dragon's Call            Summ           0%         N/A       100%        9


Dungeon Overview and Level Annotations

Branches:
Dungeon (2/15)

Altars:

Annotations:
D:2 Natasha


Innate Abilities, Weirdness & Mutations

You are a bat.
You are tiny and dextrous.
You move quickly.
You are flying.
Your equipment is almost entirely melded.
You are incapable of wielding weapons or throwing items.
You cannot cast spells.
Your demonic aura sometimes causes spilled blood to erupt in flames.
You regenerate a little health from kills.


Message History

You take 3 damage, and have 11/35 hp.
Things that are here:
an adder corpse; an adder corpse Natasha closely misses you.
You see here a ring of ice.
Natasha attacks as you move away! Natasha misses you.
You feel yourself speed up.
Natasha mumbles some strange words.
A goblin comes into view. It is wielding a +0 dagger.
The goblin shouts!
An endoplasm comes into view.
Natasha howls an incantation.
Natasha glows brightly for a moment.
Natasha wildly gestures.
Natasha glows brightly for a moment.
Natasha casts a spell.
Your transformation is almost over.
Natasha barely misses you. The shadow imp closely misses you.
You hit the shadow imp but do no damage.
Natasha casts a spell at you. The magic dart hits you!
* * * LOW HITPOINT WARNING * * *
The shadow imp barely misses you. The white imp gestures at you.
The puff of frost hits you.
* * * LOW HITPOINT WARNING * * *
You take 13 damage, and have 2/35 hp.
MASSIVE DAMAGE!!
Unknown command.
You can't wield anything in your present form.
Unknown command.
It was a potion of haste.
You feel yourself speed up.
h - a potion of haste;
k - a +0 pair of gloves (melded) Natasha barely misses you.
The shadow imp laughs crazily.
The shadow imp misses you. The white imp misses you.
You hit Natasha but do no damage.
Natasha is heavily wounded.
Natasha casts a spell at you. The magic dart hits you!
You die...

##.....# #......#
#..†...# .......#
....†.#########
......†.5=h.h.#
....?.#######.# .J
...†..#
#.##########....
.......#
####.##b.g.........
#.#....#
#....5.h......J....
...#.#.#
#.##.##5########.#.
.#.#.#.# # #.##.#
.#..)... .....# ###
.. .= ......#
####..## #.. #..


You could see Natasha, a white imp (summoned), a shadow imp (summoned), an
endoplasm and a goblin.

Vanquished Creatures
  Natasha (twice) (D:2)
  3 adders (D:2)
  A dart slug (D:1)
  6 ball pythons
  2 bats (D:1)
  3 endoplasms
  3 giant cockroaches
  2 hobgoblins
  3 jackals (D:2)
  A quokka (D:2)
  4 kobolds
  3 rats (D:2)
33 creatures vanquished.

Notes
Turn   | Place    | Note
-------+----------+-------------------------------------------
     0 | D:1      | Dirtsage the Demonspawn Fighter began the quest for the
                  | Orb.
     0 | D:1      | Reached XP level 1. HP: 18/18 MP: 1/1
    17 | D:1      | Reached skill level 2 in Axes
   183 | D:1      | Gained mutation: Your demonic aura sometimes causes spilled
                  | blood to erupt in flames. [demonic ancestry]
   183 | D:1      | Reached XP level 2. HP: 24/24 MP: 2/2
  1046 | D:2      | Reached skill level 3 in Axes
  1080 | D:2      | Gained mutation: You regenerate a little health from kills.
                  | [demonic ancestry]
  1080 | D:2      | Reached XP level 3. HP: 29/29 MP: 3/3
  1212 | D:2      | Noticed Natasha
  1223 | D:2      | Killed Natasha
  1230 | D:2      | Noticed Natasha
  1238 | D:2      | Killed Natasha
  1239 | D:2      | Reached skill level 4 in Axes
  1239 | D:2      | Reached XP level 4. HP: 35/35 MP: 4/4
  1257 | D:2      | Noticed Natasha
  1314 | D:2      | Killed from afar by Natasha

Illustrated notes

Levels and vault maps discovered:
D:1:      spicycebolla_arrival_risky_transporter, layout_loops_corners
D:2:      layout_loops_ring, shapermc_ecumenical_altar_mp_highgroup,
          uniq_natasha

Skill      XL: |  1  2  3 |
---------------+----------+-----
Axes           | 2 3 4 |  4.5
Fighting       | |  3.0
Armour         | |  2.6
Shields        | |  2.6

Action                     |  1- 3 |  4- 6 || total
---------------------------+-------+-------++-------
  Melee: War axe           |    63 |    22 ||    85
         Unarmed           |     2 |    12 ||    14
    Use: Potion            |       |     1 ||     1
 Armour: Scale mail        |    32 |    14 ||    46
         Skin              |       |     1 ||     1
  Dodge: Dodged            |    27 |    37 ||    64
  Block: Buckler           |    17 |     5 ||    22

Table legend: (Time is in decaauts)
 A = Elapsed time spent in this place.
 B = Non-inter-level travel time spent in this place.
 C = Inter-level travel time spent in this place.
 D = Time resting spent in this place.
 E = Time spent auto-exploring this place.
 F = Levels seen in this place.
 G = Mean time per level.
                   A        B        C        D        E       F      G
               +--------+--------+--------+--------+--------+-----+--------+
         Total |   1341 |   1295 |     46 |      6 |   1043 |   2 |  670.5 |
       Dungeon |   1341 |   1295 |     46 |      6 |   1043 |   2 |  670.5 |
               +--------+--------+--------+--------+--------+-----+--------+

Top non-repeatable levels by time:
     D:1: 991 daAuts
     D:2: 350 daAuts
